 Dungeon Crawl Stone Soup version 0.30-a0-718-geaa24f58ff (webtiles) character file.

Game seed: 7978285454182409718

1978822 ragingrage the Merry Draconian (level 26, 237/237 HPs)
             Began as a Pale Draconian Hunter on Jan 25, 2023.
             Was the Champion of Fedhas.
             Escaped with the Orb
             ... and 4 runes on Jan 26, 2023!
             The game lasted 02:46:41 (90480 turns).

ragingrage the Merry Draconian (DrHu)              Turns: 90480, Time: 02:46:41

Health: 237/237    AC: 29    Str: 20    XL:     26   Next: 25%
Magic:  37/37      EV: 37    Int: 10    God:    Fedhas [******]
Gold:   5695       SH:  0    Dex: 26    Spells: 27/31 levels left

rFire   + . .      SeeInvis +    t - +27 heavy crossbow "Sniper" {heavy, Acc+∞ SInv}
rCold   . . .      Faith    .    (shield currently unavailable)
rNeg    . . .      Spirit   +    (body armour unavailable)
rPois   .          Reflect  .    Q - +2 hat
rElec   +          Harm     .    B - +2 cloak {Stlth+}
rCorr   .          Rampage  .    k - +1 pair of gloves
Will    ++...                    i - +2 pair of slick slippers {slick, slippery, EV+5}
Stlth   +++                      S - amulet of guardian spirit
HPRegen 0.59/turn                j - ring of the Tortoise {AC+8}
MPRegen 0.25/turn                A - ring of Fun {rElec Will+ Dex+6 Slay+3}

@: flying, studying 2 skills
A: breathe steam, AC +12, unfitting armour, cold-blooded, steam resistance, big
wings, clumsy 1, fire resistance 1, strong 1, subdued magic 1, inability to
drink after injury 1, inability to read after injury 1
0: Orb of Zot
}: 4/15 runes: barnacled, slimy, silver, gossamer
a: Breathe Steam, Renounce Religion, Wall of Briars, Grow Ballistomycete,
Overgrow, Grow Oklob


You escaped.
You worshipped Fedhas.
Fedhas was exalted by your worship.
You visited 11 branches of the dungeon, and saw 53 of its levels.
You also visited: Trove, Gauntlet and Wizlab.

You collected 8035 gold pieces.
You spent 2340 gold pieces at shops.

Inventory:

Hand Weapons
 a - a +2 arbalest of freezing
 b - a +8 longbow of electrocution
 t - the +27 heavy crossbow "Sniper" (weapon) {heavy, Acc+∞ SInv}
   (You acquired it on level 4 of the Realm of Zot)

   Acc+∞: It never misses its target.
   SInv:      It lets you see invisible.
Missiles
 F - 7 throwing nets
 R - 27 curare-tipped darts
Armour
 i - the +2 pair of slick slippers (worn) {slick, slippery, EV+5}
   (You found it in a Gauntlet)

   Slick:     Its wearer cannot be constricted, engulfed, netted or webbed.
   Slippery:  It slips away from damaging melee attacks, pulling the attacker
   onward.
   EV:        It affects your evasion (+5).
 k - a +1 pair of gloves (worn)
 B - a +2 cloak of stealth (worn)
 Q - a +2 hat (worn)
Jewellery
 e - a ring of see invisible
 j - the ring of the Tortoise (left hand) {AC+8}
   (You found it on level 5 of the Pits of Slime)

   [ring of protection]

   AC:        It affects your AC (+8).
 m - a ring of poison resistance
 n - a ring of protection from fire
 A - the ring of Fun (right hand) {rElec Will+ Dex+6 Slay+3}
   (You found it in a Gauntlet)

   [ring of dexterity]

   Dex:       It affects your dexterity (+6).
   Slay:      It affects your accuracy & damage with ranged weapons and melee
   (+3).
   rElec:     It insulates you from electricity.
   Will:      It increases your willpower.
 E - the ring of Wigaim {Ice Will++ Stlth-}
   (You took it off Josephina on level 2 of the Depths)

   [ring of ice]

   It enhances your ice magic.
   rF:        It makes you vulnerable to fire.
   rC:        It protects you from cold.
   Will:      It greatly increases your willpower.
   Stlth:     It makes you less stealthy.
 S - an amulet of guardian spirit (around neck)
 T - a ring of resist corrosion
Wands
 o - a wand of digging (11)
 u - a wand of iceblast (50)
 v - a wand of acid (7)
 w - a wand of flame (38)
 C - a wand of charming (20)
 V - a wand of mindburst (33)
Scrolls
 c - 9 scrolls of fear
 f - 2 scrolls of magic mapping
 g - 3 scrolls of silence
 h - 3 scrolls of blinking
 p - 12 scrolls of immolation
 r - 22 scrolls of teleportation
 z - 4 scrolls of enchant armour
 G - 5 scrolls of fog
 H - 2 scrolls of brand weapon
 M - 4 scrolls of butterflies
 U - a scroll of enchant weapon
 W - 6 scrolls of poison
Potions
 d - 5 potions of ambrosia
 l - 21 potions of curing
 s - 5 potions of haste
 y - 4 potions of resistance
 D - 16 potions of heal wounds
 I - 5 potions of brilliance
 J - 7 potions of lignification
 K - 8 potions of might
 L - 11 potions of mutation
 O - 7 potions of magic
 P - 5 potions of cancellation
 Y - 4 potions of invisibility
Miscellaneous
 q - a condenser vane
 x - a phantom mirror
 N - a phial of floods
 X - a tin of tremorstones (2/2)
 Z - a box of beasts


   Skills:
 + Level 19.5 Fighting
 O Level 27 Ranged Weapons
 - Level 20.0 Dodging
 - Level 14.0 Stealth
 - Level 3.0 Spellcasting
 - Level 5.0 Translocations
 - Level 7.0 Transmutations
 - Level 21.0 Invocations
 - Level 17.0 Evocations


You had 27 spell levels left.
You knew the following spells:

 Your Spells              Type           Power      Damage    Failure   Level
a - Wereblood             Tmut           11%        N/A       1%          2
b - Blink                 Tloc           16%        N/A       4%          2

Your spell library contained the following spells:

 Spells                   Type           Power      Damage    Failure   Level
 Beastly Appendage        Tmut           22%        N/A       1%          1
 Apportation              Tloc           16%        N/A       2%          1
 Lesser Beckoning         Tloc           16%        N/A       4%          2
 Sting                    Tmut/Pois      24%        1d4       5%          1
 Passwall                 Tmut/Erth      5%         N/A       8%          2
 Gell's Gravitas          Tloc           8%         N/A       9%          3
 Teleport Other           Tloc           8%         N/A       9%          3
 Momentum Strike          Conj/Tloc      10%        3d8       13%         2
 Spider Form              Tmut/Pois      6%         N/A       17%         3
 Kiss of Death            Conj/Necr      4%         2d5       24%         1
 Magic Dart               Conj           4%         1d3       24%         1
 Shock                    Conj/Air       4%         1d3       24%         1
 Slow                     Hex            4%         N/A       24%         1
 Summon Small Mammal      Summ           4%         N/A       24%         1
 Vhi's Electric Charge    Tloc/Air       10%        N/A       26%         3
 Ignite Poison            Fire/Tmut/Pois 4%         N/A       28%         3
 Manifold Assault         Tloc           8%         N/A       30%         4
 Passage of Golubria      Tloc           8%         N/A       30%         4
 Call Imp                 Summ           1%         N/A       34%         2
 Cigotuvi's Dreadful Rot  Necr/Pois/Air  2%         N/A       34%         2
 Ensorcelled Hibernation  Hex/Ice        2%         N/A       34%         2
 Poisonous Vapours        Pois/Air       2%         N/A       34%         2
 Searing Ray              Conj           2%         2d4       34%         2
 Sublimation of Blood     Necr           1%         N/A       34%         2
 Blade Hands              Tmut           5%         N/A       36%         5
 Ice Form                 Ice/Tmut       6%         N/A       50%         4
 Call Canine Familiar     Summ           1%         N/A       58%         3
 Confusing Touch          Hex            1%         N/A       58%         3
 Frozen Ramparts          Ice            2%         1d1       58%         3
 Hailstorm                Conj/Ice       1%         3d3       58%         3
 Inner Flame              Hex/Fire       1%         N/A       58%         3
 Summon Guardian Golem    Hex/Summ       1%         N/A       58%         3
 Swiftness                Air            1%         N/A       58%         3
 Tukima's Dance           Hex            1%         N/A       58%         3
 Vampiric Draining        Necr           1%         2d6       58%         3
 Iskenderun's Mystic Bla  Conj/Tloc      5%         2d3       65%         4
 Alistair's Intoxication  Tmut/Pois      4%         N/A       86%         5
 Yara's Violent Unravell  Hex/Tmut       3%         3d4       86%         5
 Airstrike                Air            0%         2d(1-17)  94%         4
 Anguish                  Hex/Necr       0%         N/A       94%         4
 Animate Dead             Necr           1%         N/A       94%         4
 Cause Fear               Hex            0%         N/A       94%         4
 Dispel Undead            Necr           1%         3d6       94%         4
 Flame Wave               Conj/Fire      1%         2d4       94%         4
 Fulminant Prism          Conj/Hex       0%         3d5       94%         4
 Leda's Liquefaction      Hex/Erth       0%         N/A       94%         4
 Olgreb's Toxic Radiance  Pois           1%         N/A       94%         4
 Sticky Flame             Conj/Fire      1%         2d3       94%         4
 Summon Ice Beast         Ice/Summ       1%         N/A       94%         4
 Summon Lightning Spire   Summ/Air       1%         N/A       94%         4
 Summon Forest            Summ/Tloc      2%         N/A       94%         5
 Dispersal                Tloc           4%         N/A       99%         6
 Arcjolt                  Conj/Air       0%         1d10      100%        5
 Fireball                 Conj/Fire      0%         3d3       100%        5
 Freezing Cloud           Conj/Ice/Air   0%         6-21      100%        5
 Iskenderun's Battlesphe  Conj           1%         2d6       100%        5
 Lee's Rapid Deconstruct  Erth           0%         3d4*      100%        5
 Metabolic Englaciation   Hex/Ice        0%         N/A       100%        5
 Summon Mana Viper        Hex/Summ       1%         N/A       100%        5
 Death Channel            Necr           0%         N/A       100%        6
 Eringya's Noxious Bog    Tmut/Pois      3%         N/A       100%        6
 Iron Shot                Conj/Erth      0%         9d1       100%        6
 Simulacrum               Ice/Necr       0%         N/A       100%        6
 Starburst                Conj/Fire      0%         6d3       100%        6
 Statue Form              Tmut/Erth      4%         N/A       100%        6
 Dragon Form              Tmut           5%         N/A       100%        7
 Haunt                    Necr/Summ      0%         N/A       100%        7
 Monstrous Menagerie      Summ           0%         N/A       100%        7
 Orb of Destruction       Conj           0%         9d5       100%        7
 Spellforged Servitor     Conj/Summ      0%         N/A       100%        7
 Storm Form               Tmut/Air       3%         N/A       100%        7
 Summon Hydra             Summ           0%         N/A       100%        7
 Disjunction              Tloc           4%         N/A       100%        8
 Ignition                 Fire           0%         3d3       100%        8
 Infestation              Necr           0%         N/A       100%        8
 Maxwell's Capacitive Co  Air            0%         ∞         100%        8
 Chain Lightning          Conj/Air       0%         2d1       100%        9
 Dragon's Call            Summ           0%         N/A       100%        9
 Polar Vortex             Ice            0%         N/A       100%        9
 Animate Armour           Summ/Erth      Unusable   N/A       N/A         4

Dungeon Overview and Level Annotations

Branches:
Dungeon (15/15)            Temple (1/1) D:6            Lair (5/5) D:10
 Shoals (4/4) Lair:3       Spider (4/4) Lair:3        Slime (5/5) Lair:4
    Orc (2/2) D:9             Elf (3/3) Orc:2        Vaults (5/5) D:14
  Crypt (0/3) Vaults:2     Depths (4/4) D:15            Zot (5/5) Depths:4
 WizLab (visited)         Gauntlet (visited)

Altars:
Cheibriados
Elyvilon
Fedhas
Gozag
Kikubaaqudgha
Makhleb
Nemelex Xobeh
Okawaru
Uskayaw
Vehumet
Wu Jian
The Shining One
Jiyva
Lugonu

Shops:
D:9 *   D:10 (   Orc:2 :*([   Elf:3 *   Vaults:2 [   Vaults:3 [
Depths:4 **=::

Portals:
Hell: Depths:1 Depths:2 Depths:3 Depths:4
Abyss: Lair:5 Depths:2 Depths:3 Depths:4*
Pandemonium: Depths:1 Depths:2 Depths:3
Ziggurat: Depths:1

Annotations:
Elf:2 3 runed translucent doors
Vaults:2 exclusion: downstairs
Vaults:3 1 transporter
Depths:4 2 transporters, MrSquiggles's ghost, adept OpBr
Zot:2 36 runed doors
Zot:3 exclusions: draconian scorcher, 2 draconian stormcallers and 1 more exclusion


Innate Abilities, Weirdness & Mutations

You can breathe blasts of scalding, opaque steam.
Your pale cyan-grey scales are hard. (AC +12)
You cannot fit into any form of body armour.
You are cold-blooded and may be slowed by cold attacks.
You are immune to the effects of steam.
Your large and strong wings let you fly.
You are clumsy. (Dex -2)
Your flesh is heat resistant. (rF+)
Your muscles are strong. (Str +4, Int/Dex -1)
Your spells are a little easier to cast, but a little less powerful.
You occasionally lose the ability to drink potions when taking damage.
You occasionally lose the ability to read scrolls when taking damage.


Message History

As you read the scroll of blinking, it crumbles to dust.
A mysterious force pulls you upwards. The hatch slams shut behind you.
(D) Dungeon (T) Temple (L) Lair (A) Shoals (N) Spider Nest (M) Slime Pits (O) Orcish Mines (E) Elven Halls (V) Vaults (C) Crypt (U) Depths (H) Hell (Z) Zot
Where to? (Enter - D:1 @ (x,y), ? - help)
What level of the Dungeon? (default 1, ? - help)
There is a stone staircase leading up, spattered with blood here.
You fly upwards.
There is a stone staircase leading down here.
There is a stone staircase leading up here.
You fly upwards.
There is a stone staircase leading down here.
Your extra speed is starting to run out.
A tormentor comes into view.
You shoot a bolt. The bolt hits the tormentor!
The tormentor is lightly wounded.
You shoot a bolt. The bolt hits the tormentor!!
The tormentor is severely wounded.
Fire: t) +27 heavy crossbow "Sniper" {heavy, Acc+∞ SInv}
Press: ? - help, Q - select action, (/) - cycle Shift-Dir - straight line, f/p - tormentor
Aim: a tormentor (severely wounded, 100% to hit)
You shoot a bolt. The bolt hits the tormentor!!!!
You kill the tormentor!
Fedhas accepts your kill.
(D) Dungeon (T) Temple (L) Lair (A) Shoals (N) Spider Nest (M) Slime Pits (O) Orcish Mines (E) Elven Halls (V) Vaults (C) Crypt (U) Depths (H) Hell (Z) Zot
Where to? (Enter - D:1 @ (x,y), ? - help)
You feel yourself slow down.
There is a stone staircase leading up here.
You fly upwards.
There is a stone staircase leading down here.
HP restored.
Things that are here:
5 stones; a +0 dagger
There is a staircase leading out of the dungeon here.
You have escaped!

# ####.)....#...#...#.....# #..#
# #......#...#^.#..#...#..###..##
# #.......#..#..#..#..#(.........
# #.##.....#..#.#.#..#...........
# #.##..#...#.#.#.#.#...#........
###.##...##..#.#.#.#..##.........
....##.....##.#...#.##...........
###.##.......#.....#.............
###.##.######...@...######.......
.##.##.......#.....#........#####
..#.#......##.#...#.##.....##
.........##..#.#.#.#..##...#
..#.....#...#.#.#.#.#...#..# #
.####......#..#.#.#..#.....# ##
.# #.....#..#..#..#..#....# ##.
.# ###..#...#..#..#...#..## #.#
.# #.....#...#...#.....# ##.


There were no monsters in sight!

Vanquished Creatures
  the Royal Jelly (Slime:5)
  2 pandemonium lords
  3 dread liches
  5 ancient liches
  3 orbs of fire (Zot:5)
  A juggernaut (Depths:3)
  Sojobo (Vaults:4)
  3 Killer Klowns
  Bai Suzhen (Vaults:2)
  Saint Roka (Depths:1)
  Frederick (Depths:4)
  The ghost of Ynankepe the Conqueror, an adept HOMo of Beogh (Vaults:3)
  2 curse toes
  3 golden dragons
  2 electric golems (Zot:5)
  An Ice Fiend (D:13)
  26 Orb Guardians
  Mlioglotl (Lair:3)
  Rupert (Spider:1)
  A lich (Depths:2)
  11 tentacled monstrosities
  3 titans
  22 acid blobs
  3 deep elf master archers
  7 quicksilver dragons
  3 deep elf blademasters
  Polyphemus (Shoals:2)
  4 death cobs
  An Executioner (Depths:3)
  4 sphinxes
  A kraken (Shoals:2)
  9 shadow dragons
  15 storm dragons
  5 tengu reavers
  7 azure jellies
  2 draconian knights
  4 emperor scorpions
  Roxanne (Shoals:1)
  5 draconian monks
  11 rockslimes
  6 fire giants
  15 vault wardens
  An iron dragon (Vaults:5)
  6 deep elf sorcerers
  Aizul (Vaults:2)
  3 draconian scorchers
  9 frost giants
  8 ghost moths
  3 draconian annihilators
  3 deep elf elementalists (Elf:2)
  6 draconian shifters
  4 draconian stormcallers
  A reaper (Zot:5)
  A cacodemon (D:13)
  10 quicksilver oozes
  31 very ugly things
  2 orc warlords
  A spriggan defender (Depths:2)
  18 ironbound preservers
  A demonspawn corrupter (D:11)
  4 broodmothers
  21 stone giants
  6 ironbound thunderhulks
  A war gargoyle (Vaults:3)
  6 deep elf demonologists
  2 vampire knights
  9 red draconians
  9 green draconians
  A minotaur (Gauntlet)
  19 purple draconians
  8 spark wasps
  8 black draconians
  12 deep elf annihilators
  14 white draconians
  7 dire elephants
  9 statues (WizLab)
  10 yellow draconians
  11 ettins
  8 merfolk impalers
  2 blizzard demons
  4 merfolk javelineers
  12 fire dragons
  4 entropy weavers
  A deep elf death mage (Elf:3)
  4 deep elf high priests
  14 yaktaur captains
  11 great orbs of eyes
  13 ice dragons
  3 hydras
  Erolcha (D:12)
  6 rakshasas
  8 ironbound frosthearts
  2 spriggan air magi (Depths:3)
  30 vault guards
  3 merfolk aquamancers
  6 ogre magi (Vaults:5)
  A radroach (Spider:4)
  Erica (D:11)
  A merfolk avatar (Shoals:2)
  3 satyrs
  A death knight (D:15)
  2 catoblepae
  4 alligators (Shoals:1)
  17 dancing weapons
  10 centaur warriors
  9 boulder beetles
  5 two-headed ogres
  7 deep troll shamans
  2 thrashing horrors (Lair:5)
  2 vampire magi
  2 alligator snapping turtles
  5 death yaks
  10 deep troll earth magi
  5 orc high priests
  5 sun demons
  5 tengu warriors
  5 spriggan berserkers
  A shock serpent (shapeshifter) (Vaults:5)
  A soul eater (D:15)
  3 hell knights (Depths:4)
  7 iron trolls
  A skeletal warrior (D:15)
  15 deep elf knights
  A sun moth (Spider:3)
  5 pharaoh ants
  A goliath frog (Shoals:1)
  4 shadow demons
  A sixfirhy (D:13)
  12 sea snakes
  A swamp dragon (Zot:4)
  12 deep elf archers
  10 orb spiders
  2 glowing orange brains
  8 wizards
  An orange crystal statue (Vaults:4)
  An obsidian statue (Zot:5)
  9 lindwurms
  5 steelbarb worms
  66 deep trolls
  23 deep elf pyromancers
  A steelbarb worm (shapeshifter) (Vaults:1)
  6 phantasmal warriors
  13 ironbound convokers
  5 large abominations
  15 harpies
  16 manticores
  4 necromancers
  A mana viper (shapeshifter) (Vaults:5)
  25 deep elf zephyrmancers
  7 orc knights
  2 orc sorcerers (Orc:2)
  57 ugly things
  8 cyclopes
  12 wolf spiders
  10 shining eyes
  14 fauns
  21 moths of wrath
  A shining eye (shapeshifter) (Vaults:5)
  12 merfolk sirens
  Maurice (D:7)
  23 elephants
  2 rust devils
  7 water nymphs
  3 eyes of devastation
  4 black mambas
  4 torpor snails
  7 demonic crawlers
  2 smoke demons (Lair:5)
  A titan simulacrum (Depths:2)
  14 vault sentinels
  8 apocalypse crabs (Zot:1)
  An orange demon (D:13)
  A rime drake (Lair:2)
  16 cane toads
  An unseen horror (D:10)
  A cane toad (shapeshifter) (D:14)
  43 yaktaurs
  3 hellions
  Psyche (D:10)
  An efreet (D:15)
  2 tormentors
  12 komodo dragons
  20 tengu conjurers (WizLab)
  An ice devil (Depths:3)
  A golden dragon simulacrum (Depths:2)
  2 ancient zymes (Lair:5)
  A merfolk (shapeshifter) (Vaults:5)
  3 freezing wraiths
  A polar bear (Lair:1)
  10 wind drakes
  3 hornets
  12 trolls
  26 merfolk
  15 tarantellas
  A blink frog (shapeshifter) (Vaults:5)
  3 meliai (Spider:3)
  A tarantella (shapeshifter) (Depths:3)
  29 blink frogs
  13 snapping turtles
  17 dream sheep
  27 jumping spiders
  A centaur simulacrum (D:15)
  103 slime creatures
  23 culicivoras
  5 shadows (Gauntlet)
  4 spriggans
  5 wraiths
  55 yaks
  21 water elementals
  3 air elementals
  A vampire (D:12)
  5 wyverns
  4 ynoxinuls
  50 redbacks
  3 vampire mosquitoes (D:13)
  A basilisk (shapeshifter) (Elf:3)
  2 basilisks
  2 fire elementals
  5 golden eyes
  2 steam dragons
  2 neqoxecs (Depths:3)
  3 chaos spawn (Lair:5)
  5 wargs
  A swamp worm (shapeshifter) (Vaults:5)
  2 acid dragons
  32 water moccasins
  36 orc warriors
  3 sky beasts (D:7)
  2 ice beasts
  6 black bears
  A boggart (Vaults:2)
  14 wolves
  14 ogres
  15 centaurs
  7 small abominations (Lair:5)
  A kobold brigand (D:9)
  2 necrophages
  2 gnoll sergeants
  14 bullfrogs
  2 earth elementals
  6 scorpions
  4 wights (D:7)
  6 killer bees (D:9)
  A jelly (D:7)
  8 electric eels (D:13)
  4 howler monkeys
  A gnoll bouda (D:9)
  8 orc priests
  4 hounds
  Jessica (D:3)
  Ijyb (D:5)
  15 orc wizards
  5 iguanas
  Robin (D:4)
  6 adders
  17 gnolls
  A shadow imp (Gauntlet)
  3 white imps
  An ufetubus (D:5)
  4 worms
  6 dart slugs
  55 orcs
  6 endoplasms
  6 giant cockroaches
  13 hobgoblins
  2 jackals (D:4)
  15 kobolds
  3 quokkas
  11 ball pythons
  2 bats
  7 frilled lizards
  16 goblins
  5 rats
  2 ballistomycete spores
  2 tentacles (Shoals:2)
2171 creatures vanquished.

Vanquished Creatures (collateral kills)
  Josephina (Depths:2)
  Jory (Vaults:2)
  A lich (Depths:1)
  A tentacled monstrosity (Zot:3)
  An Orb Guardian (Zot:5)
  A walking earthen tome (Depths:4)
  A shadow dragon (Depths:4)
  A draconian knight (Zot:3)
  A draconian scorcher (WizLab)
  A frost giant (Depths:2)
  Louise (Depths:2)
  2 draconian shifters
  2 very ugly things (Depths:1)
  3 draconian annihilators
  An orc warlord (Vaults:2)
  A green draconian (Zot:5)
  2 spark wasps (Depths:1)
  2 red draconians
  A yellow draconian (Zot:1)
  A white draconian (Zot:3)
  An ettin (Depths:1)
  A great orb of eyes (Slime:5)
  A vault guard (Vaults:2)
  A yaktaur captain (Vaults:5)
  2 spriggan air magi
  An ironbound frostheart (Vaults:3)
  3 dancing weapons (Elf:2)
  2 deep troll shamans (Depths:2)
  A tengu warrior (D:15)
  A hell knight (Depths:3)
  An iron troll (Depths:3)
  A pharaoh ant (Spider:2)
  A sea snake (shapeshifter) (D:15)
  A glowing orange brain (D:15)
  5 deep trolls
  A deep elf archer (Elf:2)
  2 harpies (Vaults:2)
  An ironbound convoker (Vaults:5)
  4 ugly things
  3 deep elf pyromancers (Elf:2)
  3 moths of wrath
  A merfolk siren (Shoals:4)
  A torpor snail (Spider:2)
  A rime drake (Lair:5)
  A yaktaur (Vaults:5)
  2 merfolk
  A jumping spider (Spider:2)
  A culicivora (Spider:4)
  A fire bat (shapeshifter) (Depths:1)
  A small abomination (Lair:5)
  63 ballistomycete spores
136 creatures vanquished.

Vanquished Creatures (others)
  A curse toe (Zot:1)
  A storm dragon (Zot:4)
  A fire giant (Depths:4)
  A draconian shifter (Zot:4)
  A fire dragon (Depths:4)
  A merfolk impaler (Shoals:2)
  A spriggan air mage (Depths:4)
  2 deep elf knights
  A deep elf zephyrmancer (Elf:2)
  An ironbound convoker (Vaults:2)
  A deep elf pyromancer (Elf:1)
  An apocalypse crab (Zot:1)
  A blink frog (Lair:2)
  A spriggan simulacrum (Depths:2)
  An orc warrior (D:9)
  A human simulacrum (Depths:2)
  An ufetubus (D:6)
  7 ballistomycete spores
  22 demonic plants (Gauntlet)
  133 fungi
  226 plants
  10 tentacles (Shoals:2)
  3 withered plants (Gauntlet)
419 creatures vanquished.

Grand Total: 2726 creatures vanquished

Notes
Turn   | Place    | Note
-------+----------+-------------------------------------------
     0 | D:1      | ragingrage the Draconian Hunter began the quest for the
                  | Orb.
     0 | D:1      | Reached XP level 1. HP: 17/17 MP: 1/1
   211 | D:1      | Reached skill level 4 in Ranged Weapons
   214 | D:1      | Reached XP level 2. HP: 15/24 MP: 2/2
   798 | D:2      | Reached XP level 3. HP: 29/29 MP: 3/3
  1116 | D:2      | Reached skill level 5 in Ranged Weapons
  1678 | D:3      | Got the Spellbook of the Familiar
  1797 | D:3      | Reached XP level 4. HP: 36/36 MP: 4/4
  2186 | D:3      | Noticed Jessica
  2194 | D:3      | Killed Jessica
  2195 | D:3      | Reached XP level 5. HP: 41/41 MP: 5/5
  2516 | D:4      | Noticed an ogre
  2651 | D:4      | Noticed a sky beast
  2732 | D:4      | Reached skill level 6 in Ranged Weapons
  2798 | D:4      | Noticed Robin
  2800 | D:4      | Killed Robin
  2867 | D:4      | Killed an ogre
  2868 | D:4      | Reached skill level 7 in Ranged Weapons
  2868 | D:4      | Reached XP level 6. HP: 24/48 MP: 6/6
  3446 | D:4      | Found a sparkling altar of Nemelex Xobeh.
  3682 | D:5      | Entered Level 5 of the Dungeon
  3756 | D:5      | Noticed a water moccasin
  3760 | D:5      | Killed a water moccasin
  3761 | D:5      | Your scales start taking on a pale cyan-grey colour.
  3761 | D:5      | Reached XP level 7. HP: 42/55 MP: 7/7
  3761 | D:5      | Gained mutation: You are immune to the effects of steam.
                  | [Pale Draconian growth]
  3814 | D:5      | Reached skill level 8 in Ranged Weapons
  3981 | D:5      | Identified the +8 quarterstaff "Xefiawk" {vamp, rPois
                  | Will+}
  4054 | D:5      | Noticed Ijyb
  4099 | D:5      | Killed Ijyb
  4583 | D:5      | Reached skill level 9 in Ranged Weapons
  4699 | D:5      | Found a blossoming altar of Fedhas.
  4735 | D:5      | Became a worshipper of Fedhas Madash
  4755 | D:6      | Reached XP level 8. HP: 61/61 MP: 8/8
  4954 | D:6      | Reached skill level 10 in Ranged Weapons
  5388 | D:6      | Found a staircase to the Ecumenical Temple.
  6021 | D:7      | Noticed a two-headed ogre
  6056 | D:7      | Killed a two-headed ogre
  6057 | D:7      | Reached skill level 11 in Ranged Weapons
  6057 | D:7      | Reached XP level 9. HP: 67/67 MP: 9/9
  6139 | D:7      | Reached * piety under Fedhas
  6213 | D:7      | Reached skill level 12 in Ranged Weapons
  6378 | Temple   | Entered the Ecumenical Temple
  6410 | D:7      | Reached skill level 1 in Stealth
  6940 | D:7      | Noticed a two-headed ogre
  6987 | D:7      | HP: 1/67 [two-headed ogre/+0 dire flail (16)]
  6996 | D:7      | Killed a two-headed ogre
  6997 | D:7      | Reached skill level 13 in Ranged Weapons
  6997 | D:7      | Reached XP level 10. HP: 4/73 MP: 10/10
  7262 | D:7      | Found a hide-covered altar of Uskayaw.
  7262 | D:7      | Found a faded altar of an unknown god.
  7269 | D:7      | Found a radiant altar of Vehumet.
  7271 | D:7      | Found a glowing golden altar of the Shining One.
  7273 | D:7      | Found an ancient bone altar of Kikubaaqudgha.
  7433 | D:7      | Reached ** piety under Fedhas
  7691 | D:8      | Noticed Maurice
  8178 | D:7      | Killed Maurice
  8425 | D:8      | Reached skill level 14 in Ranged Weapons
  9030 | D:9      | Found a snail-covered altar of Cheibriados.
  9437 | D:9      | Found Fiugebb's General Store.
  9445 | D:9      | Found a staircase to the Orcish Mines.
  9459 | D:9      | Bought 3 curare-tipped darts for 43 gold pieces
  9459 | D:9      | Bought a scroll of enchant weapon for 90 gold pieces
  9856 | D:10     | Entered Level 10 of the Dungeon
  9884 | D:10     | Found Plog's Antique Weapon Shop.
  9897 | D:10     | Reached *** piety under Fedhas
  9898 | D:10     | Reached skill level 15 in Ranged Weapons
  9943 | D:10     | Noticed Psyche
  9955 | D:10     | Killed Psyche
 10125 | D:10     | Reached XP level 11. HP: 79/79 MP: 11/11
 10143 | D:10     | Reached skill level 1 in Invocations
 10402 | D:10     | Found a staircase to the Lair.
 11171 | D:11     | Noticed Erica
 11178 | D:11     | Killed Erica
 11179 | D:11     | Reached skill level 5 in Invocations
 11291 | D:11     | Noticed a skeletal warrior
 11311 | D:11     | Noticed a skeletal warrior
 11359 | Lair:1   | Entered Level 1 of the Lair of Beasts
 11390 | D:10     | Reached skill level 16 in Ranged Weapons
 11463 | Lair:1   | Reached **** piety under Fedhas
 11876 | Lair:1   | Noticed a boulder beetle
 12096 | Lair:1   | Noticed a death yak
 12131 | Lair:1   | Killed a death yak
 12132 | Lair:1   | Reached XP level 12. HP: 88/88 MP: 15/18
 12298 | Lair:1   | Noticed a death yak
 12372 | Lair:1   | Noticed a death yak
 12829 | Lair:2   | Identified the +3 flail of Kindness {freeze, SInv}
 12869 | Lair:1   | Reached skill level 1 in Evocations
 12976 | Lair:1   | Killed a death yak
 12987 | Lair:1   | Killed a death yak
 13552 | Lair:1   | Reached skill level 5 in Stealth
 13930 | Lair:2   | Reached skill level 10 in Invocations
 14232 | Lair:2   | Reached skill level 5 in Fighting
 15741 | Lair:3   | Reached skill level 5 in Dodging
 15741 | Lair:3   | Reached skill level 5 in Evocations
 15768 | Lair:3   | Reached ***** piety under Fedhas
 15770 | Lair:3   | Reached XP level 13. HP: 21/102 MP: 21/21
 16457 | Lair:3   | Found a staircase to the Shoals.
 17135 | Lair:3   | Found a hole to the Spider Nest.
 18079 | Lair:4   | Found a viscous altar of Jiyva.
 18079 | Lair:4   | Found a staircase to the Slime Pits.
 18582 | Lair:5   | Entered Level 5 of the Lair of Beasts
 18967 | Lair:5   | Found the +4 skin of Zhor {*Englaciate rC+++ SInv}
 19320 | Lair:5   | Found an iron altar of Okawaru.
 19926 | Lair:5   | Reached XP level 14. HP: 73/116 MP: 23/23
 20224 | Lair:5   | Reached ****** piety under Fedhas
 22314 | Lair:5   | Found a corrupted altar of Lugonu.
 22314 | Lair:5   | Found a one-way gate to the infinite horrors of the Abyss.
 22551 | Orc:1    | Entered Level 1 of the Orcish Mines
 22557 | Orc:1    | Noticed an orc warlord
 22765 | D:9      | Killed an orc warlord
 22766 | D:9      | Reached skill level 10 in Fighting
 24021 | Orc:2    | Entered Level 2 of the Orcish Mines
 24136 | Orc:2    | Found Tediff's Antique Armour Shop.
 24634 | Orc:2    | Noticed an orc warlord
 25091 | Orc:2    | Found a staircase to the Elven Halls.
 25091 | Orc:2    | Found Onwaq's General Store.
 25211 | Orc:2    | Killed an orc warlord
 25212 | Orc:2    | Reached skill level 17 in Ranged Weapons
 25315 | Orc:2    | Found Vobedd's Antique Weapon Emporium.
 25338 | Orc:2    | Found Ciarueje's Book Boutique.
 25468 | Orc:2    | Found a burning altar of Makhleb.
 25897 | D:12     | Found a gate leading to a gauntlet.
 25913 | Gauntlet | Entered a Gauntlet
 25913 | Gauntlet | Found a transporter.
 25923 | Gauntlet | Found a transporter.
 25938 | Gauntlet | Found a transporter.
 25940 | Gauntlet | Found a large runed translucent door.
 25940 | Gauntlet | Found a large runed translucent door.
 25941 | Gauntlet | Found a large runed translucent door.
 25941 | Gauntlet | Found a large runed translucent door.
 25942 | Gauntlet | Found a large runed translucent door.
 25942 | Gauntlet | Found a large runed translucent door.
 25942 | Gauntlet | Found a runed translucent door.
 25942 | Gauntlet | Found a runed translucent door.
 25942 | Gauntlet | Found a large runed translucent door.
 25943 | Gauntlet | Found a transporter.
 25963 | Gauntlet | Found the ring of Shadows {Umbra +Inv Stlth+}
 25964 | Gauntlet | Found a transporter.
 25973 | Gauntlet | Found a large runed translucent door.
 25974 | Gauntlet | Found a large runed translucent door.
 25975 | Gauntlet | Found a large runed translucent door.
 25975 | Gauntlet | Found a large runed translucent door.
 25976 | Gauntlet | Found a runed translucent gate.
 25977 | Gauntlet | Found a transporter.
 25977 | Gauntlet | Found a runed translucent gate.
 25978 | Gauntlet | Found a runed translucent gate.
 25979 | Gauntlet | Found a large runed translucent door.
 25979 | Gauntlet | Found a large runed translucent door.
 25980 | Gauntlet | Found a large runed translucent door.
 25981 | Gauntlet | Found a large runed translucent door.
 25989 | Gauntlet | Found a transporter.
 26001 | Gauntlet | Found a transporter.
 26001 | Gauntlet | Found the +2 pair of slick slippers {slick, slippery, EV+5}
 26013 | Gauntlet | Found a transporter.
 26025 | Gauntlet | Found a transporter.
 26028 | Gauntlet | Noticed a quicksilver ooze
 26042 | Gauntlet | Found a transporter.
 26060 | Gauntlet | Found a transporter.
 26062 | Gauntlet | Found a transporter.
 26102 | Gauntlet | Found a transporter.
 26102 | Gauntlet | Found a transporter.
 26104 | Gauntlet | Found a transporter.
 26131 | Gauntlet | Found a transporter.
 26133 | Gauntlet | Found a transporter.
 26235 | Gauntlet | Found a large runed translucent door.
 26381 | Gauntlet | Identified the ring of Fun {rElec Will+ Dex+6 Slay+3}
 26459 | Gauntlet | Reached XP level 15. HP: 126/126 MP: 24/24
 26467 | Gauntlet | Identified the +4 ring mail of the Blizzard {rElec Int-3
                  | Dex+3}
 26467 | Gauntlet | Identified the +4 tower shield "Qetwawoi" {rN+++ Int-2
                  | Dex+4}
 26471 | Gauntlet | Identified the +1 acid dragon scales "Iguwoq" {rF++ rCorr
                  | Str+4 Dex-5}
 26518 | D:12     | Noticed Erolcha
 26521 | D:12     | Killed Erolcha
 27486 | D:13     | Reached skill level 18 in Ranged Weapons
 28172 | D:14     | Found a white marble altar of Elyvilon.
 28228 | D:14     | Found a gate to the Vaults.
 28852 | D:14     | Identified the +0 robe of the Present {Int+6 Stlth+
                  | Archmagi}
 29027 | D:15     | Entered Level 15 of the Dungeon
 29179 | D:15     | Found a staircase to the Depths.
 29404 | D:15     | Identified the +9 shortbow of Propriety {antimagic, *Slow
                  | rPois rF+ Str+2}
 29446 | D:15     | Reached skill level 10 in Evocations
 30390 | D:15     | Reached XP level 16. HP: 85/138 MP: 26/26
 30854 | Shoals:1 | Entered Level 1 of the Shoals
 30878 | Shoals:1 | Noticed Mlioglotl
 30907 | Lair:3   | Killed Mlioglotl
 30908 | Lair:3   | Reached skill level 10 in Dodging
 31080 | Shoals:1 | Noticed Roxanne
 31850 | Shoals:2 | Noticed a kraken
 32399 | Shoals:2 | Killed a kraken
 32790 | Shoals:2 | Reached skill level 15 in Invocations
 32791 | Shoals:2 | Noticed Polyphemus
 32820 | Shoals:2 | Killed Polyphemus
 34014 | Shoals:3 | Identified the +1 broad axe of Luxury {flame, rC+ Will+
                  | Dex+3}
 34224 | Shoals:4 | Entered Level 4 of the Shoals
 34269 | Shoals:4 | Reached XP level 17. HP: 124/151 MP: 28/28
 34995 | Shoals:4 | Got a barnacled rune of Zot
 36519 | Shoals:4 | Reached skill level 15 in Fighting
 36670 | Shoals:4 | Learned a level 2 spell: Wereblood
 36840 | Spider:1 | Entered Level 1 of the Spider Nest
 37205 | Vaults:1 | Entered Level 1 of the Vaults
 37511 | Vaults:1 | Reached skill level 1 in Transmutations
 39306 | Vaults:2 | Reached skill level 5 in Transmutations
 39345 | Vaults:2 | Noticed Aizul
 39358 | Vaults:2 | Reached XP level 18. HP: 145/163 MP: 29/29
 39390 | Vaults:2 | Killed Aizul
 40235 | Vaults:2 | Noticed Jory
 40500 | Orc:2    | Bought a manual of Dodging for 1040 gold pieces
 40915 | Vaults:2 | Found Inygocza's Antique Armour Emporium.
 40923 | Vaults:2 | Bought an embroidered cloak for 315 gold pieces
 41784 | Vaults:2 | Noticed an ancient lich
 41796 | Vaults:2 | Killed an ancient lich
 42075 | Vaults:2 | Found a staircase to the Crypt.
 42319 | Vaults:2 | Killed Jory
 42883 | Vaults:3 | Noticed Bai Suzhen
 42897 | Vaults:2 | Killed Bai Suzhen
 43372 | Vaults:3 | Reached skill level 15 in Dodging
 43530 | Vaults:3 | Found Paqics's Antique Armour Boutique.
 43539 | Vaults:3 | Bought a pair of jewelled boots for 361 gold pieces
 43539 | Vaults:3 | Identified the +0 pair of boots of Indemnity {MP-9 Str+4}
                  | (You bought it in a shop on level 3 of the Vaults)
 43832 | Vaults:3 | Reached XP level 19. HP: 66/172 MP: 31/31
 44928 | Vaults:3 | Found a transporter.
 44935 | Vaults:3 | Noticed Ynankepe's ghost (adept HOMo)
 45062 | Vaults:3 | Found a transporter.
 45768 | Vaults:4 | Noticed Sojobo
 47753 | Elf:1    | Entered Level 1 of the Elven Halls
 48466 | Elf:1    | Paralysed by an air elemental for 1 turns
 48912 | Elf:1    | Identified the +11 sling of Guit {flame, SInv}
 49485 | Elf:2    | Reached XP level 20. HP: 180/180 MP: 28/33
 49715 | Elf:2    | Found a runed translucent gate.
 49716 | Elf:2    | Found a runed translucent gate.
 49716 | Elf:2    | Found a runed translucent gate.
 49912 | Elf:3    | Entered Level 3 of the Elven Halls
 49914 | Elf:3    | Paralysed by an air elemental for 1 turns
 50340 | Elf:3    | Found Doxeog's General Store.
 50348 | Elf:3    | Bought 2 potions of curing for 84 gold pieces
 50348 | Elf:3    | Bought a scroll of fog for 56 gold pieces
 50420 | Elf:3    | Found a radiant altar of Vehumet.
 53908 | Elf:3    | Identified the +6 sling of Death's Door {antimagic, rPois
                  | rF++ Int-5 Dex+3}
 54320 | Depths:1 | Entered Level 1 of the Depths
 55324 | Depths:1 | Noticed Saint Roka
 55762 | Depths:1 | Killed Saint Roka
 55944 | Depths:1 | Found a one-way gate leading to the halls of Pandemonium.
 56166 | Depths:1 | Reached XP level 21. HP: 189/189 MP: 34/34
 56250 | Depths:1 | Found a one-way gateway to a ziggurat.
 56450 | Depths:1 | Found a gateway to Hell.
 56521 | Depths:2 | Identified the ring of Wigaim {Ice Will++ Stlth-}
 56521 | Depths:2 | Noticed Josephina
 56894 | Depths:2 | Noticed Louise
 56909 | Depths:2 | Killed Louise
 56926 | Depths:2 | Reached skill level 10 in Stealth
 56993 | Depths:2 | Killed Josephina
 58352 | Depths:2 | Found a portal to a secret trove of treasure.
 58491 | Depths:2 | You paid a toll of 5 scrolls of fog to enter a treasure
                  | trove
 58492 | Trove    | Entered a treasure trove
 58509 | Trove    | Identified the ring of Okawaru, Gnashing {Ice rElec Int+3
                  | Dex+3}
 58513 | Trove    | Identified the amulet "Kopryolua" {+Blink rElec Regen+
                  | Int+4}
 58517 | Trove    | Identified the ring of Kikubaaqudgha's Grace {rElec rPois
                  | Will+ Str+3 Dex-5}
 58892 | Spider:1 | Noticed Rupert
 58901 | Spider:1 | Killed Rupert
 58958 | Spider:1 | Reached skill level 19 in Ranged Weapons
 60760 | Spider:4 | Entered Level 4 of the Spider Nest
 60939 | Spider:4 | Reached skill level 20 in Ranged Weapons
 61670 | Spider:4 | Reached XP level 22. HP: 193/199 MP: 5/35
 62106 | Spider:4 | Got a gossamer rune of Zot
 62758 | Depths:3 | Found a magical portal.
 62782 | WizLab   | Entered Iskenderun's Mystic Tower
 63353 | WizLab   | Reached skill level 21 in Ranged Weapons
 64345 | WizLab   | Got Iskenderun's Book of the Missiles
 64345 | WizLab   | Got Iskenderun's Commentary on Conjuring
 65679 | Depths:3 | Reached skill level 22 in Ranged Weapons
 66027 | Depths:3 | Noticed a golden dragon
 66035 | Depths:3 | Killed a golden dragon
 66188 | Depths:4 | Entered Level 4 of the Depths
 66235 | Depths:4 | Noticed a dread lich
 66246 | Depths:4 | Noticed MrSquiggles's ghost (adept OpBr)
 66271 | Depths:4 | Found a transporter.
 66274 | Depths:4 | Found a transporter.
 66302 | Depths:4 | Found Engass's Jewellery Shop.
 66600 | Depths:4 | Noticed a juggernaut
 66798 | Depths:3 | Killed a juggernaut
 67159 | Depths:4 | Found a sparkling altar of Nemelex Xobeh.
 67510 | Depths:4 | Found Goinior's Book Shop.
 67607 | Depths:4 | Bought a book of Spatial Translocations for 306 gold pieces
 67610 | Depths:4 | Learned a level 2 spell: Blink
 67665 | Depths:4 | Found Rinug's General Store.
 67993 | Depths:4 | Reached skill level 1 in Translocations
 68075 | Depths:4 | Found Ungui's General Store.
 68084 | Depths:4 | Bought a potion of curing for 45 gold pieces
 68105 | Depths:4 | Noticed Frederick
 68131 | Depths:4 | Killed Frederick
 68132 | Depths:4 | Reached skill level 15 in Evocations
 68194 | Depths:4 | Found an ornate altar of the Wu Jian Council.
 68248 | Depths:4 | Noticed a golden dragon
 68262 | Depths:4 | Killed a golden dragon
 68263 | Depths:4 | Reached XP level 23. HP: 177/206 MP: 34/36
 68426 | Depths:4 | Found a gate to the Realm of Zot.
 68427 | Depths:4 | Identified the +0 helmet "Tiecyg" {Str+4 Dex-3 SInv}
 68496 | Depths:4 | Found Vuyl's Book Emporium.
 69279 | Slime:1  | Entered Level 1 of the Pits of Slime
 69623 | Slime:2  | Gained mutation: You occasionally lose the ability to read
                  | scrolls when taking damage. [a shining eye]
 69678 | Slime:2  | Lost mutation: You occasionally lose the ability to read
                  | scrolls when taking damage. [potion of mutation]
 69678 | Slime:2  | Gained mutation: You passively dampen the noise of your
                  | surroundings. [potion of mutation]
 69678 | Slime:2  | Gained mutation: You occasionally lose the ability to drink
                  | potions when taking damage. [potion of mutation]
 69678 | Slime:2  | Gained mutation: You are dopey. (Int -2) [potion of
                  | mutation]
 69678 | Slime:2  | Gained mutation: Your flesh is heat resistant. (rF+)
                  | [potion of mutation]
 70057 | Slime:2  | Gained mutation: Your spells are a little easier to cast,
                  | but a little less powerful. [a shining eye]
 70786 | Slime:3  | Gained mutation: You have hidden genetic defects. [a
                  | shining eye]
 70788 | Slime:3  | Lost mutation: You are dopey. (Int -2) [potion of mutation]
 70788 | Slime:3  | Lost mutation: You passively dampen the noise of your
                  | surroundings. [potion of mutation]
 70788 | Slime:3  | Gained mutation: Your large and strong wings let you fly.
                  | [potion of mutation]
 70788 | Slime:3  | Lost mutation: You have hidden genetic defects. [potion of
                  | mutation]
 70806 | Slime:3  | Gained mutation: You are clumsy. (Dex -2) [a shining eye]
 71470 | Slime:4  | Reached skill level 1 in Spellcasting
 71485 | Slime:5  | Entered Level 5 of the Pits of Slime
 71590 | Slime:4  | Gained mutation: Your muscles are strong. (Str +4, Int/Dex
                  | -1) [a shining eye]
 72136 | Slime:5  | Noticed the Royal Jelly
 72170 | Slime:5  | Killed the Royal Jelly
 72171 | Slime:5  | Reached skill level 5 in Translocations
 72652 | Slime:5  | Found the +3 giant club "Skullcrusher" {speed, Str+7}
 72653 | Slime:5  | Found the ring of the Tortoise {AC+8}
 72657 | Slime:5  | Got the Omnibus of Virulence and the Sphinx
 72673 | Slime:5  | Got a slimy rune of Zot
 72695 | Slime:5  | Identified the +2 leather armour of Fortification {Str+4
                  | Stlth+}
 72708 | Slime:5  | Got the Guide on Entrancing Soot
 72714 | Slime:5  | Identified the ring "Tuluser" {rC+ EV+5 Str+6}
 73151 | Zot:1    | Entered Level 1 of the Realm of Zot
 74098 | Zot:1    | Identified the +1 hand axe "Eprofoek" {freeze, Str+3 Int+3}
 74314 | Zot:1    | Noticed a curse toe
 74352 | Zot:1    | Killed a curse toe
 75279 | Zot:1    | Noticed a curse toe
 75300 | Zot:1    | Killed a curse toe
 76372 | Zot:2    | Found a huge runed gate.
 76372 | Zot:2    | Found a huge runed gate.
 76372 | Zot:2    | Found a huge runed gate.
 76372 | Zot:2    | Found a huge runed gate.
 76374 | Zot:2    | Found a huge runed gate.
 76374 | Zot:2    | Found a huge runed gate.
 76374 | Zot:2    | Found a huge runed gate.
 76374 | Zot:2    | Found a huge runed gate.
 76374 | Zot:2    | Found a huge runed gate.
 76376 | Zot:2    | Found a huge runed gate.
 76376 | Zot:2    | Found a huge runed gate.
 76377 | Zot:2    | Found a huge runed gate.
 76378 | Zot:2    | Found a huge runed gate.
 76379 | Zot:2    | Found a huge runed gate.
 76380 | Zot:2    | Found a huge runed gate.
 76390 | Zot:2    | Found a huge runed gate.
 76390 | Zot:2    | Found a huge runed gate.
 76390 | Zot:2    | Found a huge runed gate.
 76390 | Zot:2    | Found a huge runed gate.
 76390 | Zot:2    | Found a huge runed gate.
 76391 | Zot:2    | Found a huge runed gate.
 76392 | Zot:2    | Found a huge runed gate.
 76393 | Zot:2    | Found a huge runed gate.
 76394 | Zot:2    | Found a huge runed gate.
 76407 | Zot:2    | Found a huge runed gate.
 76407 | Zot:2    | Found a huge runed gate.
 76407 | Zot:2    | Found a huge runed gate.
 76407 | Zot:2    | Found a huge runed gate.
 76407 | Zot:2    | Found a huge runed gate.
 76407 | Zot:2    | Found a huge runed gate.
 76408 | Zot:2    | Found a huge runed gate.
 76409 | Zot:2    | Found a huge runed gate.
 76410 | Zot:2    | Found a huge runed gate.
 76418 | Zot:2    | Found a huge runed gate.
 76418 | Zot:2    | Found a huge runed gate.
 76418 | Zot:2    | Found a huge runed gate.
 76444 | Zot:2    | Noticed a Killer Klown
 76471 | Zot:2    | Killed a Killer Klown
 76737 | Zot:2    | Reached XP level 24. HP: 216/216 MP: 37/37
 80494 | Zot:5    | Entered Level 5 of the Realm of Zot
 81309 | Shoals:1 | Killed Roxanne
 81738 | Vaults:3 | Killed Ynankepe's ghost
 81834 | Vaults:3 | Identified the +7 halberd of Righteous Anger {heavy, rElec
                  | rC+ rCorr Int-5 Stlth+}
 82430 | Zot:4    | Found a glowing golden altar of the Shining One.
 83097 | Zot:4    | Identified a scroll of acquirement
 83105 | Zot:4    | Acquired the +27 heavy crossbow "Sniper" {heavy, Acc+∞
                  | SInv}
 83105 | Zot:4    | Found the +27 heavy crossbow "Sniper" {heavy, Acc+∞ SInv}
 85325 | Zot:5    | Noticed an orb of fire
 85330 | Zot:5    | Noticed an ancient lich
 85331 | Zot:5    | Killed an orb of fire
 85332 | Zot:5    | Reached skill level 23 in Ranged Weapons
 85335 | Zot:5    | Killed an ancient lich
 85337 | Zot:5    | Noticed a Killer Klown
 85339 | Zot:5    | Killed a Killer Klown
 85356 | Zot:5    | Noticed an ancient lich
 85360 | Zot:5    | Killed an ancient lich
 85370 | Zot:5    | Noticed a dread lich
 85374 | Zot:5    | Killed a dread lich
 85375 | Zot:5    | Reached XP level 25. HP: 228/228 MP: 37/37
 85398 | Zot:5    | Noticed an ancient lich
 85400 | Zot:5    | Killed an ancient lich
 85420 | Zot:5    | Identified the ring "Katrinyh" {Fire rElec Will++ Str-5
                  | Dex-4}
 85857 | Zot:5    | Reached skill level 24 in Ranged Weapons
 85983 | Zot:5    | Noticed a dread lich
 85987 | Zot:5    | Killed a dread lich
 85991 | Zot:5    | Noticed an ancient lich
 85991 | Zot:5    | Noticed an orb of fire
 85993 | Zot:5    | Gained mutation: You occasionally lose the ability to read
                  | scrolls when taking damage. [an orb of fire]
 85995 | Zot:5    | Killed an ancient lich
 85996 | Zot:5    | Killed an orb of fire
 85998 | Zot:5    | Noticed an orb of fire
 86001 | Zot:5    | Killed an orb of fire
 86001 | Zot:5    | Noticed a Killer Klown
 86006 | Zot:5    | Killed a Killer Klown
 86677 | Vaults:4 | Killed Sojobo
 86882 | Vaults:5 | Entered Level 5 of the Vaults
 86894 | Vaults:5 | Reached skill level 25 in Ranged Weapons
 86927 | Vaults:5 | Noticed a dread lich
 87375 | Vaults:5 | Got a silver rune of Zot
 88000 | Vaults:5 | Reached skill level 26 in Ranged Weapons
 88402 | Vaults:5 | Killed a dread lich
 88403 | Vaults:5 | Reached XP level 26. HP: 237/237 MP: 37/37
 88559 | Vaults:5 | Identified the +0 helmet of Inviolability {rElec Str+5}
 88692 | Vaults:5 | Identified the +8 rapier of Disintegration {protect,
                  | *Corrode rN+ Stlth+}
 88732 | Vaults:5 | Identified the +0 spear "Vacaocug" {freeze, Dex+3}
 89622 | Zot:5    | Got the Orb of Zot
 89675 | Zot:4    | Noticed Jolisucwia the pandemonium lord
 89888 | Zot:1    | Noticed Ovoyt the pandemonium lord
 89937 | Depths:3 | Noticed Wadyc the pandemonium lord
 89944 | Depths:3 | Killed Wadyc the pandemonium lord
 90354 | D:5      | Noticed Unuc the pandemonium lord
 90355 | D:5      | Noticed Osom the pandemonium lord
 90366 | D:5      | Killed Unuc the pandemonium lord
 90367 | D:5      | Reached skill level 27 in Ranged Weapons
 90480 | D:$      | Escaped with the Orb!

Illustrated notes

Levels and vault maps discovered:
D:1:      minmay_arrival_radiant_lines, layout_loops_ring
D:2:      layout_basic
D:3:      minmay_octagon_keep, layout_basic, minivault_27,
          small_statue_intersection, uniq_jessica
D:4:      layout_rooms, lemuel_coloured_pillars_altar,
          nicolae_concentric_dashed_squares_wild, minmay_diced_spiral,
          uniq_robin
D:5:      layout_loops_cross, fedhas_altar_3, uniq_ijyb, uniq_crazy_yiuf_cottage
D:6:      layout_basic, minmay_temple_entry_ruins, lemuel_flamethrower_2
D:7:      minmay_opposing_rooms, layout_basic,
          chequers_temple_overflow_minitemple
D:8:      layout_basic, uniq_maurice
D:9:      layout_basic, mainiacjoe_overflow_six_doors_small, serial_shops,
          shop_statue
D:10:     layout_irregular_city, due_lair_maze_entry_diamond, serial_shops,
          shop, hex_large, uniq_psyche
D:11:     layout_stronghold, serial_rivers, chequers_serial_rivers_micro_b,
          chequers_serial_rivers_large_a, chequers_serial_rivers_large_b,
          chequers_serial_rivers_marsh, chequers_serial_rivers_small_a,
          uniq_erica
D:12:     layout_irregular_city, gauntlet_entry_generic, uniq_erolcha
D:13:     layout_basic
D:14:     layout_loops_cross, erik_vaults_1, elyvilon_altar_1
D:15:     gammafunk_enter_depths_forms, layout_long_grid, wad_floor_pattern_1
Temple:   eino_wide_crystal_templ
Lair:1:   layout_cave_pods, grunt_megastairs_4
Lair:2:   layout_roguey, beast_lair_carwin_6
Lair:3:   layout_regular_city, elwin_shoals_entry_rooms, spider_nest_entry_a,
          beast_lair_carwin_7, lemuel_fruit_fields
Lair:4:   layout_long_grid, slime_entry_1, minivault_25
Lair:5:   hellmonk_lair_end_abyssal_woods, layout_cave_pods, basic_altar,
          nicolae_lair_grove_arrangements, hellmonk_guarded_unrand_zhor,
          grunt_megastairs_2
Shoals:1: layout_shoals, nicolae_shoals_stone_sculpture_thing,
          nicolae_shoals_goliath_grotto, uniq_mlioglotl, uniq_roxanne
Shoals:2: layout_shoals, uniq_polyphemus
Shoals:3: layout_shoals
Shoals:4: shoals_end_hangedman, layout_shoals
Spider:1: layout_spider_delve, uniq_rupert
Spider:2: layout_spider_delve
Spider:3: nicolae_orb_stairs_large, nicolae_spider_cling_ruins,
          nicolae_spider_cling_halls
Spider:4: guppyfry_spider_rune
Slime:1:  layout_caves
Slime:2:  layout_caves, nicolae_slime_barrier
Slime:3:  cheibrodos_slime_lost_civilization_1, layout_caves
Slime:4:  layout_caves
Slime:5
Orc:1:    layout_caves, dreamdust_deal_with_the_devil, mines3_lemuel
Orc:2:    grunt_orc_gardens, layout_caves, grunt_orc_garden, grunt_orc_garden,
          grunt_orc_garden, grunt_orc_garden, basic_altar
Elf:1:    eino_elf_arrival_sip, layout_loops_ring,
          hangedman_elven_crosses_minicolossus, hex_tiny
Elf:2:    nicolae_elf_blades_crystal_corner, layout_loops_corners
Elf:3:    minmay_elf_hall_quartered_circle, layout_gridlike, basic_altar,
          serial_shops, shop, fountainhead
Vaults:1: vaults_standard_mumra_enter_the_diamond, vaults_dpeg_encased_lava,
          v_alt_pattern_5, hangedman_vaults_slice, vaults_room_glass_cross,
          grunt_vaults_hallway_long, v_misc_8, grunt_vaults_funnel,
          layout_vaults_omnigrid
Vaults:2: minmay_crypt_entry_simple_plaza, dpeg_vaults_monster_row,
          grunt_vaults_trifunnel, v_misc_26, v_alt_pattern_6, vaults_room_grid,
          nicolae_vaults_little_squares_5, nicolae_vaults_stairing_the_circle,
          vaults_dpeg_diagonal, nicolae_vaults_shelves_hall, v_misc_2,
          vaults_room_grid, nicolae_vaults_asterisk, layout_vaults_chaotic_city,
          serial_shops, shop, uniq_jory, uniq_xtahua, uniq_aizul
Vaults:3: gammafunk_ghost_arena, nicolae_vaults_hallways_thing,
          nicolae_vaults_octagons, v_misc_2, ontoclasm_vaults_ring_small,
          nicolae_vaults_shelves_hall, ontoclasm_vaults_chip, v_misc_31,
          vaults_standard_mumra_x, nicolae_vaults_what_the_h, vaults_mumra_lcd,
          vaults_room_pool, grunt_vaults_focal, vaults_dpeg_ring,
          layout_vaults_omnicross, serial_shops, nicolae_lakefront_shop,
          uniq_bai_suzhen
Vaults:4: v_misc_8, v_misc_24, nicolae_vaults_statue_guard,
          ontoclasm_vaults_twist, vaults_room_corners, v_misc_26,
          hangedman_vaults_trim, nicolae_vaults_little_squares_3, v_misc_4,
          vaults_room_stairs_pillars, v_misc_16, layout_vaults_ring, uniq_sojobo
Vaults:5
Depths:1: layout_twisted_cross, enter_ziggurat_d, hellmouth_1,
          rand_demon_pan_entry_5, chequers_serial_rivers_micro_b,
          grunt_potential, uniq_saint_roka
Depths:2: dreamdust_merry_men, layout_honeycomb, grunt_hell_entry_dis_mu,
          pan_entry, nicolae_abyss_entry_one_way_or_another, enter_trove_3,
          infiniplex_staircase_pillars_1, uniq_josephina
Depths:3: minmay_connected_boxes_in_corner, layout_honeycomb,
          infiniplex_enter_wizlab_glasses, hell_entry, abyss_entry, pan_entry
Depths:4: grunt_zot_entry_bicorn, layout_honeycomb, abyss_entry_crystal,
          hangedman_geh_valley, gammafunk_ghost_abyssal_escape, serial_shops,
          shop, nicolae_shop_stone, nicolae_diamond_shop, shop,
          nicolae_shop_competitors_out_of_business, lemuel_doored_altar,
          corexii_hall_statues_deadend, chequers_serial_rivers_micro_e,
          hangedman_abyss_or_decor_stagger, nzn_wu_jian_council_hall,
          uniq_frederick
Zot:1:    gammafunk_mikee_crab_dinner, layout_twisted_circle
Zot:2:    layout_misc_corridors, st_single_dragon_hoard_2, not_door_vault_due
Zot:3:    lemuel_draconian_sentries_small, layout_misc_corridors,
          grunt_megastairs_3
Zot:4:    layout_gridlike, basic_altar, hangedman_snake_sidewinding
Zot:5:    layout_concentric_octagons

Skill      XL: |  1  2  3  4  5  6  7  8  9 10 11 12 13 14 15 16 17 18 19 20 21 22 23 24 25 26 |
---------------+-------------------------------------------------------------------------------+-----
Ranged Weapons | 4 5 7 9 11 13 15 16 17 18 20 22 23 26 27 | 27.0
Stealth        | 4 5 7 9 10 11 13 14 | 14.0
Invocations    | 9 10 12 13 14 15 16 18 19 20 21 | 21.0
Dodging        | 2 5 7 8 9 12 13 15 18 20 | 20.0
Fighting       | 6 8 10 11 13 15 16 17 18 19 | 19.5
Evocations     | 5 8 9 10 11 12 13 14 15 16 17 | 17.0
Transmutations | 5 6 7 |  7.0
Translocations | 2 5 |  5.0
Spellcasting   | 3 |  3.0

Action                     |  1- 3 |  4- 6 |  7- 9 | 10-12 | 13-15 | 16-18 | 19-21 | 22-24 | 25-27 || total
---------------------------+-------+-------+-------+-------+-------+-------+-------+-------+-------++-------
  Melee: Dagger            |       |    12 |       |       |       |       |       |       |       ||    12
         Tailslap          |       |     2 |       |       |       |       |       |       |       ||     2
   Fire: Shortbow          |   159 |   261 |   279 |   757 |  1169 |    39 |       |       |       ||  2664
         Arbalest          |       |       |       |       |   653 |  1272 |  1729 |   133 |       ||  3787
         Longbow           |       |       |       |       |       |       |       |  2242 |       ||  2242
         Heavy crossbow    |       |       |       |       |       |       |       |    90 |   312 ||   402
  Throw: Dart              |       |       |       |     2 |    12 |     1 |       |       |       ||    15
   Cast: Wereblood         |       |       |       |       |       |    12 |    39 |    43 |     6 ||   100
         Blink             |       |       |       |       |       |       |       |     1 |       ||     1
 Invoke: Grow Ballistomyce |       |       |       |     3 |     2 |     1 |     3 |     6 |     1 ||    16
         Overgrow          |       |       |       |       |     1 |     1 |     4 |     6 |     2 ||    14
         Wall of Briars    |       |       |       |       |       |       |       |     2 |       ||     2
Ability: Breathe Steam     |       |       |    35 |    74 |   117 |    34 |    11 |     5 |       ||   276
  Evoke: Wand              |       |     2 |     1 |     4 |     5 |    16 |     2 |    11 |       ||    41
         Tin of tremorston |       |       |       |       |     2 |    10 |    12 |    10 |       ||    34
         Box of beasts     |       |       |       |       |     2 |     5 |     7 |     7 |     3 ||    24
         Condenser vane    |       |       |       |       |       |       |     4 |     6 |     3 ||    13
         Phantom mirror    |       |       |       |       |       |       |       |     3 |       ||     3
         Phial of floods   |       |       |       |       |       |       |       |     1 |       ||     1
    Use: Scroll            |       |       |       |    18 |     8 |     5 |     5 |    14 |     5 ||    55
         Potion            |       |       |       |     1 |       |     1 |     3 |     3 |     7 ||    15
 Armour: Skin              |    29 |    42 |    50 |    88 |   190 |   109 |   232 |   173 |    41 ||   954
  Dodge: Dodged            |    51 |    72 |    86 |   331 |  1057 |   867 |  1842 |  1082 |   270 ||  5658

Table legend: (Time is in decaauts)
 A = Elapsed time spent in this place.
 B = Non-inter-level travel time spent in this place.
 C = Inter-level travel time spent in this place.
 D = Time resting spent in this place.
 E = Time spent auto-exploring this place.
 F = Levels seen in this place.
 G = Mean time per level.
                   A        B        C        D        E       F      G
               +--------+--------+--------+--------+--------+-----+--------+
         Total |  90125 |  80275 |   9850 |  26259 |  37931 |  56 | 1609.4 |
       Dungeon |  19987 |  16777 |   3210 |   3833 |   9782 |  15 | 1332.5 |
        Temple |      1 |      1 |      0 |      0 |      0 |   1 |    1.0 |
          Lair |  12148 |  10384 |   1764 |   3025 |   5029 |   5 | 2429.6 |
        Shoals |   6453 |   6201 |    252 |   2068 |   2959 |   4 | 1613.2 |
   Spider Nest |   3913 |   3726 |    187 |    612 |   2318 |   4 |  978.2 |
    Slime Pits |   3338 |   3178 |    160 |   1208 |   1284 |   5 |  667.6 |
  Orcish Mines |   2336 |   1927 |    409 |    640 |    867 |   2 | 1168.0 |
   Elven Halls |   6393 |   6081 |    312 |   2564 |   2367 |   3 | 2131.0 |
        Vaults |  13099 |  11547 |   1552 |   3289 |   6020 |   5 | 2619.8 |
        Depths |   8066 |   7042 |   1024 |   2260 |   3243 |   4 | 2016.5 |
           Zot |  12141 |  11164 |    977 |   5688 |   3663 |   5 | 2428.2 |
         Trove |     49 |     49 |      0 |      0 |      2 |   1 |   49.0 |
        Wizlab |   1622 |   1622 |      0 |    963 |    341 |   1 | 1622.0 |
      Gauntlet |    572 |    572 |      0 |    106 |     53 |   1 |  572.0 |
               +--------+--------+--------+--------+--------+-----+--------+

Top non-repeatable levels by time:
Vaults:2: 3513 daAuts
  Lair:5: 3360 daAuts
Vaults:3: 3303 daAuts
   Zot:4: 3017 daAuts
  Lair:3: 2903 daAuts
    D:15: 2896 daAuts
   Zot:1: 2804 daAuts
Depths:3: 2789 daAuts
   Elf:3: 2751 daAuts
   Zot:5: 2608 daAuts
  Lair:1: 2605 daAuts
   Elf:2: 2298 daAuts
Vaults:1: 2265 daAuts
Vaults:4: 2198 daAuts
Depths:2: 2153 daAuts
